 Dungeon Crawl Stone Soup version 0.28.0-43-g3370ac3207 (webtiles) character file.

Game seed: 7167168346646688543

5067 mortz the Thaumaturge (level 10, -1/52 HPs)
             Began as a Deep Elf Air Elementalist on Mar 27, 2022.
             Was a Follower of Sif Muna.
             Killed from afar by an acid dragon (19 damage)
             ... with a splash of acid
             ... on level 12 of the Dungeon.
             The game lasted 00:58:18 (11132 turns).

mortz the Thaumaturge (Deep Elf Air Elementalist)  Turns: 11132, Time: 00:58:18

Health: -1/52      AC:  8    Str:  5    XL:     10   Next: 31%
Magic:  17/28      EV: 13    Int: 25    God:    Sif Muna [*.....]
Gold:   67         SH:  0    Dex: 15    Spells: 20/33 levels left

rFire   . . .      SeeInvis .   F - staff of conjuration {!a@e2staff}
rCold   . . .      Faith    .   (no shield)
rNeg    + . .      Spirit   .   C - +1 robe {rN+}
rPois   .          Reflect  .   M - +1 helmet
rElec   .          Harm     +   v - scarf {harm}
rCorr   .          Rampage  +   (no gloves)
Will    +....                   g - +2 pair of boots {rampage}
Stlth   +++.......              E - amulet of regeneration {@e2}
HPRegen 0.97/turn               p - ring of wizardry
MPRegen 0.21/turn               U - +4 ring of slaying

@: swift, very quick
A: no striking features
a: Renounce Religion, Channel Magic


You were on level 12 of the Dungeon.
You worshipped Sif Muna.
Sif Muna was aware of your devotion.
You visited 2 branches of the dungeon, and saw 11 of its levels.

You collected 305 gold pieces.
You spent 238 gold pieces at shops.


   Skills:
 + Level 1.1 Fighting
 + Level 4.1 Dodging
 + Level 4.1 Stealth
 + Level 12.1 Spellcasting
 + Level 7.4 Conjurations
 + Level 9.3 Air Magic
 + Level 2.4 Poison Magic
 * Level 2.5 Invocations


You had 20 spell levels left.
You knew the following spells:

 Your Spells              Type           Power      Damage    Failure   Level
a - Shock                 Conj/Air       100%       1d9       1%          1
b - Static Discharge      Conj/Air       71%        N/A       1%          2
c - Swiftness             Air            57%        N/A       1%          3
d - Poisonous Vapours     Pois/Air       88%        N/A       1%          2
e - Airstrike             Air            28%        N/A       1%          4
f - Apportation           Tloc           30%        N/A       1%          1

Your spell library contained the following spells:

 Spells                   Type           Power      Damage    Failure   Level
 Animate Skeleton         Necr           30%        N/A       1%          1
 Sting                    Tmut/Pois      84%        1d7       1%          1
 Summon Small Mammal      Summ           60%        N/A       1%          1
 Corpse Rot               Necr/Air       76%        N/A       1%          2
 Call Canine Familiar     Summ           15%        N/A       4%          3
 Summon Guardian Golem    Hex/Summ       15%        N/A       4%          3
 Olgreb's Toxic Radiance  Pois           27%        N/A       6%          4
 Dispel Undead            Necr           15%        3d10      16%         4
 Death Channel            Necr           7%         N/A       91%         6

Inventory:

Hand Weapons
 b - a +0 dagger {short}
   (You took it off a goblin on level 1 of the Dungeon)
 e - a +2 dagger of draining {short}
   (You took it off a kobold brigand on level 7 of the Dungeon)
 h - a +1 dagger of speed {short}
   (You took it off a kobold on level 7 of the Dungeon)
 n - a +0 short sword {short}
   (You took it off a kobold on level 2 of the Dungeon)
 q - a +0 vampiric dagger {short}
   (You found it on level 9 of the Dungeon)
 B - a +0 hand crossbow {crossbow}
   (You took it off a kobold on level 4 of the Dungeon)
 G - a +0 long sword of protection {long}
   (You found it on level 5 of the Dungeon)
 I - a +0 flail {mace}
   (You took it off a gnoll on level 5 of the Dungeon)
 L - a +2 whip of flaming {mace}
   (You took it off a gnoll on level 8 of the Dungeon)
 N - a +3 dire flail of protection {mace}
   (You took it off Edmund on level 6 of the Dungeon)
 S - a +3 great sword {long}
   (You took it off a wight on level 8 of the Dungeon)
 W - a +3 hand axe {axe}
   (You found it on level 8 of the Dungeon)
Missiles
 x - 22 stones {throwing}
Armour
 g - a +2 pair of boots of rampaging (worn)
   (You found it on level 9 of the Dungeon)
 u - a +0 cloak
   (You found it on level 3 of the Dungeon)
 v - a scarf of harm (worn)
   (You found it on level 3 of the Dungeon)
 C - a +1 robe of positive energy (worn)
   (You bought it in a shop on level 1 of the Dungeon)
 M - a +1 helmet (worn)
   (You found it on level 6 of the Dungeon)
 O - a +1 scale mail of positive energy
   (You took it off Edmund on level 6 of the Dungeon)
 Q - a +1 pair of boots
   (You bought it in a shop on level 5 of the Dungeon)
Magical Staves
 a - a staff of poison {!astaff}
   (You found it on level 4 of the Dungeon)
 F - a staff of conjuration (weapon) {!a@e2staff}
   (You found it on level 4 of the Dungeon)
Jewellery
 p - a ring of wizardry (left hand)
   (You found it on level 6 of the Dungeon)
 y - an amulet of faith {!P}
   (You found it on level 4 of the Dungeon)
 E - an amulet of regeneration (around neck) {@e2}
   (You found it on level 4 of the Dungeon)
 U - a +4 ring of slaying (right hand)
   (You found it on level 8 of the Dungeon)
Wands
 l - a wand of charming (4)
   (You took it off a wight on level 8 of the Dungeon)
 D - a wand of polymorph (6)
   (You found it on level 8 of the Dungeon)
 P - a wand of mindburst (7)
   (You found it on level 7 of the Dungeon)
Scrolls
 c - 4 scrolls of teleportation {@r4}
 d - a scroll of brand weapon {unknown}
 f - 3 scrolls of enchant weapon
 i - 3 scrolls of amnesia
 j - a scroll of fear
 m - 4 scrolls of magic mapping {!r}
 K - a scroll of fog {unknown}
Potions
 k - 2 potions of attraction {!q}
 o - a potion of berserk rage {unknown}
 r - 2 potions of lignification {unknown}
 s - 2 potions of brilliance {unknown}
 t - 2 potions of invisibility {unknown}
 w - 4 potions of heal wounds {@q2}
 z - a potion of mutation {unknown}
 H - a potion of ambrosia {unknown}
 J - 3 potions of haste {unknown}

Dungeon Overview and Level Annotations

Branches:
Dungeon (9/15)             Temple (1/1) D:6
   Lair: D:8-11         Orc: D:9-12

Altars:
Ashenzari
Cheibriados
Dithmenos
Elyvilon
Fedhas
Gozag
Hepliaklqana
Makhleb
Nemelex Xobeh
Okawaru
Qazlal
Ru
Sif Muna
Trog
Uskayaw
Vehumet
Yredelemnul
Zin
The Shining One

Shops:
D:1 [   D:4 (   D:5 [

Annotations:
D:6 1 runed translucent door, issech's ghost, novice TrMo

.......>....... ...#
....T.......... ...#
#######.# #...
#####.....#D# #..#
#.........#.# #..#
#.........#.# #..#
#.........#.# #..#
#.........#.# #..###
#.........'@# ##### #....#
#.........#.###...###....#
###########..............#
.....................###
........................
..............###+###...
####.....(..(.# #...
#..........# #...
#+########## #...


You could see an acid dragon (catching breath).


Message History

Your Invocations skill increases to level 2! 😎 MP[-4]
You lost 4 mp, and now have 15/27 mp.
x - 22 stones {throwing} You open the door.
Found a radiant altar of Vehumet and a shadowy altar of Dithmenos. 😎 MP[+12]
Your mp is fully restored (27).
There is an open door here.
There is a shadowy altar of Dithmenos here.
There is an open door here.
Found a stone staircase leading down.
You open the door.
A sourceless malevolence fills the Dungeon...
You fall into a shaft and drop 3 floors!
The shaft crumbles and collapses.
You open the door.
There is an open door here.
Found a stone staircase leading down.
J - 3 clear potions (gained 1)
You open the door.
There is an open door here.
There is an open door here.
Found a stone staircase leading down.
An acid dragon and a troll come into view.
The troll shouts!
The acid dragon spits acid at you. The splash of acid hits you!
You hear a shout! 😮 HP[-19]
You take 19 damage, and now have 33/52 hp.
MASSIVE DAMAGE!! (PAUSE) 😮 HP[+1] 😮 HP[+1]
Casting: Airstrike (safe; 1% risk of failure)
Confirm with . or Enter, or press ? or * to list all spells.
You can't see any susceptible monsters within range! (Use Z to cast anyway.) Unknown command.
Casting: Airstrike (safe; 1% risk of failure)
Confirm with . or Enter, or press ? or * to list all spells.
You feel a surge of power!
Something is struck by an arc of lightning.
You are struck by an arc of lightning.
Something is struck by an arc of lightning!
You are struck by an arc of lightning.
The lightning grounds out.
Something hits you!
* * * LOW HITPOINT WARNING * * *
Deactivating autopickup; reactivate with Ctrl-A.
Something hits you but does no damage. 😨 HP[-12] MP[-2]
You take 12 damage, and now have 23/52 hp.
MASSIVE DAMAGE!! (PAUSE)
You lost 2 mp, and now have 25/27 mp.
Casting: Static Discharge (safe; 1% risk of failure)
Confirm with . or Enter, or press ? or * to list all spells.
You feel a surge of power!
Something is struck by an arc of lightning!
The troll is struck by an arc of lightning!
Something is struck by an arc of lightning!
Sif Muna accepts your kill.
Reactivating autopickup.
You feel a bit more experienced.
The lightning grounds out.
Your Spellcasting skill increases to level 12! 😨 HP[+1] MP[-2]
You lost 2 mp, and now have 23/28 mp.
Casting: Static Discharge (safe; 1% risk of failure)
Confirm with . or Enter, or press ? or * to list all spells.
You feel a surge of power!
The troll is struck by an arc of lightning!
You are struck by an arc of lightning.
* * * LOW HITPOINT WARNING * * *
The troll is struck by an arc of lightning.
You are struck by an arc of lightning.
* * * LOW HITPOINT WARNING * * *
The lightning grounds out.
The troll misses you. The troll completely misses you. The troll claws you.
* * * LOW HITPOINT WARNING * * *
😱 HP[-12] MP[-2]
You take 12 damage, and now have 12/52 hp.
MASSIVE DAMAGE!! (PAUSE)
You lost 2 mp, and now have 21/28 mp.
Casting: Static Discharge (safe; 1% risk of failure)
Confirm with . or Enter, or press ? or * to list all spells.
You feel a surge of power!
The troll is struck by an arc of lightning!
You kill the troll!
Sif Muna accepts your kill.
The lightning grounds out. 😱 HP[+1] MP[-2]
You lost 2 mp, and now have 19/28 mp. 😨 HP[+1] MP[+1] 😨 HP[+1] 😨 HP[+1] 😨 HP[+1]
Casting: Static Discharge (safe; 1% risk of failure)
Confirm with . or Enter, or press ? or * to list all spells.
You feel quick. The acid dragon spits acid at you. The splash of acid hits you!
You die...

Skill      XL: |  1  2  3  4  5  6  7  8  9 10 |
---------------+-------------------------------+-----
Conjurations   | 2 3 4 5 6 7 |  7.4
Spellcasting   | 4 5 6 7 9 11 12 | 12.1
Air Magic      | 4 5 6 7 8 9 |  9.3
Dodging        | 3 4 |  4.1
Stealth        | 3 4 |  4.1
Poison Magic   | 1 2 |  2.4
Fighting       | 1 |  1.1
Invocations    | 1 2 |  2.5

Action                   |  1- 3 |  4- 6 |  7- 9 | 10-12 || total
-------------------------+-------+-------+-------+-------++-------
Melee: Dagger            |     2 |       |       |       ||     2
       Long sword        |       |       |     3 |       ||     3
 Cast: Shock             |    91 |    91 |   132 |       ||   314
       Static Discharge  |     7 |    18 |    47 |     4 ||    76
       Poisonous Vapours |       |       |    26 |     2 ||    28
       Airstrike         |       |       |    21 |    14 ||    35
       Swiftness         |       |       |     1 |     1 ||     2
  Use: Scroll            |       |       |    10 |       ||    10
Armor: Robe              |     1 |     1 |     9 |     1 ||    12
Dodge: Dodged            |    15 |     9 |    22 |     2 ||    48

Levels and vault maps discovered:
D:1:      dpeg_arrival_long_road, layout_basic, serial_shops, shop,
          serial_curves, eino_curves_01, eino_curves_04
D:2:      layout_loops_corners, shapermc_ecumenical_altar_pompeii,
          nicolae_elevator_lobby_plus
D:3:      layout_loops_cross
D:4:      layout_loops_ring, zin_treasury, nicolae_stop_n_shop_2
D:5:      layout_rooms, serial_shops, shop
D:6:      layout_cave_pods, minmay_temple_entry_large_hall,
          ebering_ghost_inner_flame, minmay_holes, minivault_26, uniq_edmund
D:7:      layout_loops_ring
D:8:      layout_gridville, nicolae_overflow_hidden_temple,
          kennysheep_generic_room_6
D:9:      layout_irregular_city, gammafunk_temple_overflow_statue
D:12:     layout_irregular_city, serial_shops, nicolae_square_shop, uniq_jorgrun
Temple:   nicolae_temple_no_exploring_needed

Notes
Turn   | Place    | Note
-------+----------+-------------------------------------------
     0 | D:1      | mortz the Deep Elf Air Elementalist began the quest for the
                  | Orb.
     0 | D:1      | Reached XP level 1. HP: 10/10 MP: 6/6
     0 | D:1      | magus.rc [v1.9.6]
   175 | D:1      | Reached XP level 2. HP: 15/15 MP: 4/8
   849 | D:1      | Found Ataom's Antique Armour Shop.
   999 | D:1      | Reached XP level 3. HP: 19/19 MP: 7/10
  1245 | D:1      | You pick up a book of Decay and begin reading...
  1245 | D:1      | You add the spells Corpse Rot, Dispel Undead and Death
                  | Channel to your library.
  1249 | D:1      | Learned a level 2 spell: Static Discharge
  1253 | D:1      | Learned a level 3 spell: Swiftness
  1378 | D:1      | You add the spells Sting, Poisonous Vapours and Olgreb's
                  | Toxic Radiance to your library.
  1705 | D:2      | Reached skill level 2 in Conjurations
  2351 | D:2      | Reached XP level 4. HP: 24/24 MP: 9/11
  2476 | D:2      | Found a faded altar of an unknown god.
  3233 | D:3      | Noticed a black bear
  3239 | D:3      | Killed a black bear
  3240 | D:3      | Reached skill level 4 in Spellcasting
  3240 | D:3      | Reached skill level 3 in Conjurations
  3240 | D:3      | Reached skill level 4 in Air Magic
  3240 | D:3      | Reached XP level 5. HP: 15/28 MP: 3/13
  4015 | D:4      | Noticed an ogre
  4015 | D:4      | Found Rogogum's Antique Weapon Shoppe.
  4021 | D:4      | Reached skill level 3 in Dodging
  4021 | D:4      | Reached skill level 3 in Stealth
  4021 | D:4      | Reached skill level 5 in Spellcasting
  4345 | D:4      | Reached XP level 6. HP: 31/32 MP: 9/15
  4424 | D:4      | Reached skill level 4 in Conjurations
  4645 | D:1      | Bought an embroidered robe for 96 gold pieces
  5156 | D:4      | Reached skill level 6 in Spellcasting
  5272 | D:4      | Found a glowing silver altar of Zin.
  5285 | D:4      | Learned a level 2 spell: Poisonous Vapours
  5290 | D:4      | Learned a level 4 spell: Airstrike
  5480 | D:5      | Entered Level 5 of the Dungeon
  5486 | D:5      | Reached skill level 5 in Air Magic
  5486 | D:5      | Reached XP level 7. HP: 36/36 MP: 13/18
  5514 | D:5      | Found Miakke's Antique Armour Shoppe.
  5651 | D:5      | Noticed a steam dragon
  5656 | D:5      | Killed a steam dragon
  5657 | D:5      | Reached skill level 5 in Conjurations
  5841 | D:5      | Reached skill level 7 in Spellcasting
  6021 | D:5      | You pick up a book of Cantrips and begin reading...
  6021 | D:5      | You add the spells Animate Skeleton, Summon Small Mammal
                  | and Apportation to your library.
  6024 | D:5      | Learned a level 1 spell: Apportation
  6134 | D:5      | Reached skill level 6 in Air Magic
  6381 | D:6      | Reached XP level 8. HP: 41/41 MP: 12/21
  6590 | D:6      | Found a runed translucent door.
  6596 | D:6      | Reached skill level 8 in Spellcasting
  6825 | D:6      | Reached skill level 6 in Conjurations
  6886 | D:6      | Reached skill level 1 in Poison Magic
  7055 | D:6      | You pick up a book of Callings and begin reading...
  7055 | D:6      | You add the spells Call Canine Familiar and Summon Guardian
                  | Golem to your library.
  7134 | D:6      | Found a staircase to the Ecumenical Temple.
  7142 | Temple   | Entered the Ecumenical Temple
  7149 | Temple   | Became a worshipper of Sif Muna the Loreminder
  7228 | D:6      | Noticed Edmund
  7235 | D:6      | Killed Edmund
  7236 | D:6      | Reached skill level 9 in Spellcasting
  7236 | D:6      | Reached skill level 7 in Air Magic
  7485 | D:6      | Noticed issech's ghost (novice TrMo)
  7485 | D:6      | Noticed a gargoyle
  7953 | D:7      | Reached XP level 9. HP: 43/45 MP: 18/24
  8135 | D:7      | Reached skill level 10 in Spellcasting
  8865 | D:7      | Reached skill level 1 in Fighting
  8912 | D:5      | Bought a pair of runed boots for 142 gold pieces
  8964 | D:6      | Reached skill level 8 in Air Magic
  9056 | D:7      | Reached skill level 4 in Stealth
  9056 | D:7      | Reached skill level 7 in Conjurations
  9056 | D:7      | Reached skill level 2 in Poison Magic
  9353 | D:8      | Reached skill level 11 in Spellcasting
  9355 | D:8      | HP: 9/47 [gnoll/+0 spear (4)]
  9588 | D:8      | Reached * piety under Sif Muna
  9662 | D:8      | Found a sacrificial altar of Ru.
  9848 | D:8      | Reached skill level 4 in Dodging
 10474 | D:9      | Reached skill level 1 in Invocations
 10474 | D:9      | Reached XP level 10. HP: 52/52 MP: 16/27
 10961 | D:9      | Reached skill level 9 in Air Magic
 10961 | D:9      | Reached skill level 2 in Invocations
 11056 | D:9      | Found a radiant altar of Vehumet.
 11056 | D:9      | Found a shadowy altar of Dithmenos.
 11074 | D:9      | You fall into a shaft and drop 3 floors!
 11126 | D:12     | Reached skill level 12 in Spellcasting
 11126 | D:12     | HP: 12/52 [troll (6)]
 11132 | D:12     | Killed from afar by an acid dragon

Vanquished Creatures
  An unseen horror (D:12)
  A troll (D:12)
  2 hornets
  2 vampires (D:9)
  A wyvern (D:9)
  5 yaks
  2 steam dragons
  Edmund (D:6)
  An orc warrior (D:8)
  A black bear (D:3)
  2 sky beasts
  3 ogres
  4 centaurs
  2 necrophages
  A phantom (D:6)
  A kobold brigand (D:7)
  5 bullfrogs
  2 scorpions
  A wyvern skeleton (D:7)
  A water moccasin skeleton (D:5)
  3 wights (D:8)
  A howler monkey (D:8)
  2 centaur zombies
  A bullfrog zombie (D:5)
  A hound (D:7)
  2 orc priests
  2 gnoll shamans
  A jelly (D:6)
  2 centaur skeletons (D:7)
  An iguana (D:5)
  An orc wizard (D:6)
  A hound skeleton (D:4)
  10 gnolls
  2 howler monkey zombies
  2 howler monkey skeletons (D:5)
  3 adders
  A shadow imp (D:6)
  3 white imps
  An adder skeleton (D:4)
  2 worms
  5 dart slugs
  7 orcs
  11 ball pythons
  13 endoplasms
  3 giant cockroaches
  6 goblins
  5 hobgoblins
  5 jackals
  10 kobolds
  9 quokkas
  6 bats
  2 frilled lizards
  5 rats
168 creatures vanquished.

Table legend:
 A = Non-vault XP
 B = Vault XP
 C = Vault XP percentage of total XP
 D = Non-vault monster count
 E = Vault monster count
 F = Vault count percentage of total count
                 A         B        C        D         E       F
            +---------+---------+-------+---------+---------+-------
      Total |    7021 |     218 |   3.0 |     166 |       2 |   1.2
            +---------+---------+-------+---------+---------+-------
        D:1 |      56 |       0 |   0.0 |      30 |       0 |   0.0
        D:2 |      53 |       0 |   0.0 |      21 |       0 |   0.0
        D:3 |     160 |       0 |   0.0 |      17 |       0 |   0.0
        D:4 |     402 |       0 |   0.0 |      23 |       0 |   0.0
        D:5 |     740 |       0 |   0.0 |      14 |       0 |   0.0
        D:6 |    1307 |     164 |  11.1 |      15 |       1 |   6.2
        D:7 |    1607 |       0 |   0.0 |      20 |       0 |   0.0
        D:8 |     610 |      54 |   8.1 |      15 |       1 |   6.2
        D:9 |    1411 |       0 |   0.0 |       9 |       0 |   0.0
       D:12 |     675 |       0 |   0.0 |       2 |       0 |   0.0
            +---------+---------+-------+---------+---------+-------

Illustrated notes

Table legend:
 A = Kills in this place as a percentage of kills in entire the game.
 B = Kills by you in this place as a percentage of kills by you in the entire game.
 C = Kills by friends in this place as a percentage of kills by friends in the entire game.
 D = Other kills in this place as a percentage of other kills in the entire game.
 E = Experience gained in this place as a percentage of experience gained in the entire game.
 F = Experience gained in this place divided by the number of levels of this place that you have seen.
                   A       B       C       D       E      F
               +-------+-------+-------+-------+-------+----------------------
         Total | 100.0 | 100.0 |   N/A |   N/A | 100.0 | 658.1
       Dungeon | 100.0 | 100.0 |   N/A |   N/A | 100.0 | 723.9
               +-------+-------+-------+-------+-------+----------------------

Table legend: (Time is in decaauts)
 A = Elapsed time spent in this place.
 B = Non-inter-level travel time spent in this place.
 C = Inter-level travel time spent in this place.
 D = Time resting spent in this place.
 E = Time spent auto-exploring this place.
 F = Levels seen in this place.
 G = Mean time per level.
                   A        B        C        D        E       F      G
               +--------+--------+--------+--------+--------+-----+--------+
         Total |  11137 |  10402 |    735 |   2026 |   7079 |  11 | 1012.5 |
       Dungeon |  11123 |  10394 |    729 |   2026 |   7079 |  10 | 1112.3 |
        Temple |     14 |      8 |      6 |      0 |      0 |   1 |   14.0 |
               +--------+--------+--------+--------+--------+-----+--------+

Top non-repeatable levels by time:
     D:1: 1729 daAuts
     D:6: 1725 daAuts
     D:2: 1380 daAuts
     D:4: 1244 daAuts
     D:3: 1179 daAuts
     D:7: 1167 daAuts
     D:8: 974 daAuts
     D:5: 899 daAuts
     D:9: 765 daAuts
    D:12: 57 daAuts
  Temple: 14 daAuts
